 Dungeon Crawl Stone Soup version 0.23.2-1-ga50397a6bc (webtiles) character file.

Game seed: 18436782735650790678

4006 Revguard the Cleaver (level 10, -3/86 HPs)
             Began as a Minotaur Gladiator on Apr 21, 2019.
             Was a Follower of Ru.
             Killed from afar by Erica (22 damage)
             ... with a bolt of poison
             ... on level 8 of the Dungeon on Apr 22, 2019.
             The game lasted 00:27:02 (6848 turns).

Revguard the Cleaver (Minotaur Gladiator)           Turns: 6848, Time: 00:27:02

Health: -3/86      AC: 12    Str: 22    XL:     10   Next: 3%
Magic:  12/12      EV: 11    Int:  5    God:    Ru [*.....]
Gold:   355        SH:  0    Dex: 15    Spells: 9/9 levels left

rFire    . . .     SeeInvis .   z - +1 war axe (chop)
rCold    . . .     Gourm    .   (no shield)
rNeg     + . .     Faith    .   y - +0 chain mail
rPois    .         Spirit   .   c - +0 hat
rElec    .         Reflect  .   (no cloak)
rCorr    .         Harm     .   n - +0 pair of gloves
MR       .....                  (no boots)
Stlth    ..........             (no amulet)
HPRegen  0.24/turn              m - ring of positive energy
MPRegen  0.13/turn              s - +3 ring of strength

@: lethally poisoned (-3 -> -15), no scrolls, slowed, very slow
A: retaliatory headbutt, horns 2, inability to read while threatened
a: Renounce Religion


You were on level 8 of the Dungeon.
You worshipped Ru.
Ru was aware of your devotion.
You were not hungry.

You visited 1 branch of the dungeon, and saw 8 of its levels.
You also visited: Sewer.

You collected 355 gold pieces.

Inventory:

Hand Weapons
 i - a +0 battleaxe
 z - a +1 war axe of chopping (weapon)
Missiles
 d - 3 throwing nets (quivered)
Armour
 c - a +0 hat (worn)
 n - a +0 pair of gloves (worn)
 y - a +0 chain mail (worn)
Jewellery
 g - an uncursed ring of protection from magic
 m - a ring of positive energy (left hand)
 s - a +3 ring of strength (right hand)
 A - an uncursed ring of stealth
 D - an uncursed amulet of the gourmand {unknown}
 F - an uncursed amulet of the acrobat {unknown}
Wands
 u - a wand of random effects (20)
 x - a wand of paralysis (5)
 B - a wand of digging (6)
Scrolls
 j - 2 scrolls of teleportation
 k - a scroll of enchant weapon
 o - 6 scrolls of blinking
 q - 2 scrolls of random uselessness {unknown}
 r - 3 scrolls of fear
 t - 3 scrolls of remove curse
 C - a scroll of immolation {unknown}
 E - a scroll of magic mapping {unknown}
 G - a scroll of amnesia
Potions
 a - a potion of invisibility {unknown}
 b - a potion of magic
 e - a potion of brilliance
 h - 3 potions of flight
 l - a potion of resistance
 p - 2 potions of lignification
 v - 2 potions of haste
 w - a potion of curing
Comestibles
 f - 20 rations


   Skills:
 + Level 7.5 Fighting
 + Level 11.6 Axes
 - Level 2.0 Throwing
 + Level 8.1 Armour
 + Level 4.8 Dodging
 * Level 4.6 Evocations


You had 9 spell levels left.
You didn't know any spells.
Your spell library contained the following spells:

 Spells                   Type           Power        Failure   Level  Hunger
 Confusing Touch          Hex            #.....       98%         1    ##.....
 Confuse                  Hex            #.......     100%        3    ####...
 Gell's Gravitas          Tloc           #.........   100%        3    ####...
 Petrify                  Tmut/Erth      #.......     100%        4    #####..
 Metabolic Englaciation   Hex/Ice        #.........   100%        5    ######.
 Yara's Violent Unravell  Hex/Tmut       #.........   100%        5    ######.


Dungeon Overview and Level Annotations

Branches:
Dungeon (8/15)             Temple (0/1) D:5
   Lair: D:8-11

Altars:
Ashenzari
Fedhas
Makhleb
Qazlal
Ru
Trog
Vehumet
Xom
Yredelemnul
Zin
The Shining One

Annotations:
D:8 Erica


Innate Abilities, Weirdness & Mutations

You reflexively headbutt those who attack you in melee.
You have a pair of horns on your head.
You cannot read scrolls while threatened.


Message History

You are more poisoned.
You feel threatened and lose the ability to read scrolls!
* * * LOW HITPOINT WARNING * * *
Okay, then.
You feel better. Something hits you!
* * * LOW HITPOINT WARNING * * *
Something burns you.
* * * LOW HITPOINT WARNING * * *
Evoke which item? (* to show all) (? for menu, Esc to quit)
Aiming: Paralyse
Press: ? - help, Shift-Dir - straight line Nothing appears to happen.
You hear some strange, mumbled words.
You feel yourself slow down.
You hit something but do no damage.
You hear some strange, mumbled words.
A bolt of poison appears from out of thin air!
The bolt of poison hits you!!
You are poisoned.
You die...

##.##....##.
#...........
##...........
##..........
#..........
##.#........
#..##..<....
#.## ###...
#@# #.
#..{...#
##.........
#.........
#.........
#.........
#.........
#.........


There were no monsters in sight!

Vanquished Creatures
  Psyche (D:8)
  Grinder (D:3)
  A hornet (D:5)
  Sigmund (D:6)
  A human (D:7)
  A yak (D:7)
  3 hogs (D:7)
  A hungry ghost (D:8)
  An orc warrior (D:6)
  An ice beast (D:6)
  2 sky beasts (D:6)
  A black bear (D:6)
  2 phantoms
  3 ogres
  A centaur (D:7)
  2 bullfrogs (Sewer)
  Blork the orc (D:6)
  A gnoll sergeant (D:7)
  3 killer bees (D:8)
  5 wights (D:6)
  A crimson imp (D:6)
  A bullfrog zombie (D:8)
  An orc priest (D:6)
  3 hounds
  3 orc wizards
  Jessica (D:3)
  A centaur skeleton (D:7)
  2 iguanas
  12 adders
  8 gnolls
  2 shadow imps
  14 oozes
  2 worms (D:2)
  An adder skeleton (D:7)
  A dart slug (D:2)
  16 leopard geckos
  17 orcs
  12 giant cockroaches
  2 goblins
  3 hobgoblins
  7 jackals
  6 kobolds
  3 quokkas
  11 ball pythons
  7 bats
  15 frilled lizards
  A jackal zombie (D:6)
  A leopard gecko skeleton (D:5)
  A leopard gecko zombie (D:7)
  A quokka skeleton (D:5)
  2 rats (D:2)
191 creatures vanquished.

Notes
Turn   | Place    | Note
-------+----------+-------------------------------------------
     0 | D:1      | Revguard the Minotaur Gladiator began the quest for the
                  | Orb.
     0 | D:1      | Reached XP level 1. HP: 18/18 MP: 0/0
   355 | D:1      | Reached skill level 4 in Axes
   355 | D:1      | Reached XP level 2. HP: 25/25 MP: 1/1
   991 | D:2      | Reached XP level 3. HP: 30/30 MP: 2/2
  1593 | D:3      | Noticed Jessica
  1598 | D:3      | Killed Jessica
  1598 | D:3      | Reached skill level 5 in Axes
  1598 | D:3      | Reached skill level 1 in Armour
  1598 | D:3      | Reached XP level 4. HP: 32/37 MP: 3/3
  2378 | D:3      | Noticed Grinder
  2379 | D:3      | Noticed an angel
  2382 | D:3      | Paralysed by Grinder for 4 turns
  2393 | D:3      | Found a glowing silver altar of Zin.
  2395 | D:3      | Paralysed by Grinder for 2 turns
  2398 | D:3      | Killed Grinder
  2398 | D:3      | Reached skill level 6 in Axes
  2398 | D:3      | Reached XP level 5. HP: 21/46 MP: 4/4
  2398 | D:3      | Reached XP level 6. HP: 23/52 MP: 5/5
  2530 | D:3      | Found a shimmering altar of Xom.
  2862 | D:4      | Found a basalt altar of Yredelemnul.
  2862 | D:4      | Found a burning altar of Makhleb.
  3092 | D:4      | Found a radiant altar of Vehumet.
  3180 | D:4      | Reached skill level 7 in Axes
  3483 | D:5      | Entered Level 5 of the Dungeon
  3488 | D:5      | Noticed a hornet
  3498 | D:5      | Killed a hornet
  3498 | D:5      | Reached skill level 1 in Evocations
  3498 | D:5      | Reached XP level 7. HP: 38/60 MP: 5/7
  3506 | D:5      | Found a glowing drain.
  3517 | Sewer    | Entered a sewer
  3945 | Sewer    | Reached skill level 8 in Axes
  3949 | Sewer    | Reached skill level 5 in Armour
  4066 | D:5      | Found a sacrificial altar of Ru.
  4083 | D:5      | Became a worshipper of Ru the Awakened
  4117 | D:5      | Reached XP level 8. HP: 67/67 MP: 8/8
  4304 | D:5      | Found a staircase to the Ecumenical Temple.
  4421 | D:5      | Reached skill level 5 in Fighting
  4578 | D:6      | Found a blossoming altar of Fedhas.
  4663 | D:6      | Reached skill level 9 in Axes
  4666 | D:6      | Noticed Sigmund
  4778 | D:6      | Killed Sigmund
  5304 | D:6      | Reached skill level 10 in Axes
  5331 | D:6      | Reached XP level 9. HP: 64/75 MP: 10/10
  5335 | D:6      | Found a stormy altar of Qazlal.
  5342 | D:6      | Gained mutation: You cannot read scrolls while threatened.
                  | [Ru sacrifice]
  5342 | D:6      | Reached * piety under Ru
  5425 | D:6      | Noticed Blork the orc
  5435 | D:6      | Killed Blork the orc
  5924 | D:7      | Reached skill level 11 in Axes
  6275 | D:7      | Found a glowing golden altar of the Shining One.
  6282 | D:7      | Found a bloodstained altar of Trog.
  6369 | D:7      | Found a shattered altar of Ashenzari.
  6655 | D:8      | Noticed Psyche
  6661 | D:8      | Killed Psyche
  6663 | D:8      | Reached XP level 10. HP: 64/86 MP: 12/12
  6831 | D:8      | Noticed Erica
  6848 | D:8      | Killed from afar by Erica

Skill      XL: |  1  2  3  4  5  6  7  8  9 |
---------------+----------------------------+-----
Axes           | 4 5 6 7 8 10 11 | 11.6
Dodging        | 4 |  4.8
Armour         | 1 3 4 5 6 8 |  8.1
Fighting       | 3 4 6 7 |  7.5
Evocations     | 1 2 3 4 |  4.6
Throwing       | |  2.0

Action                   |  1- 3 |  4- 6 |  7- 9 | 10-12 || total
-------------------------+-------+-------+-------+-------++-------
Melee: War axe           |    57 |    77 |   288 |    21 ||   443
       Headbutt          |     7 |     4 |    55 |     2 ||    68
Invok: Sacrifice Words   |       |       |     1 |       ||     1
Evoke: Wand              |       |     1 |     4 |     1 ||     6
  Use: Scroll            |     8 |     7 |       |       ||    15
       Potion            |       |     2 |     4 |     1 ||     7
 Stab: Paralysed         |       |     4 |     2 |       ||     6
       Distracted        |       |       |       |     1 ||     1
  Eat: Chunk             |     2 |     2 |    10 |       ||    14
       Ration            |       |     1 |       |     1 ||     2
Armor: Leather armour    |    24 |       |       |       ||    24
       Ring mail         |     5 |    18 |       |       ||    23
       Chain mail        |       |     3 |   145 |     2 ||   150
Dodge: Dodged            |    45 |    59 |   138 |     5 ||   247
